 Dungeon Crawl Stone Soup version 0.17-b1-15-g0f5fb43 (webtiles) character file.

142 Cookie the Sneak (level 5, 0/38 HPs)
             Began as a Demonspawn Assassin on Nov 6, 2015.
             Succumbed to a scorpion's poison
             ... on level 4 of the Dungeon.
             The game lasted 00:08:54 (3342 turns).

Cookie the Sneak (Demonspawn Assassin)              Turns: 3342, Time: 00:08:54

Health: 0/38       AC:  5    Str: 11    XL:     5   Next: 3%
Magic:  5/5        EV: 11    Int: 12    God:
Gold:   78         SH:  0    Dex: 16    Spells: 0 memorised, 4 levels left

rFire  . . .     SeeInvis .     a - +2 dagger
rCold  + . .     Clarity  .     c - +0 robe
rNeg   . . .     SustAt   .     (no shield)
rPois  .         Gourm    .     (helmet restricted)
rElec  .         Spirit   .     d - +0 cloak
rCorr  .         Warding  .     (no gloves)
rMut   .         Stasis   .     (no boots)
MR     .....                    (no amulet)
Stlth  +++.......               (no ring)
                                (no ring)

@: lethally poisoned (0 -> -4), flying, not resistant to hostile enchantments,
fairly stealthy
A: horns 1, thin metallic scales 1, cold resistance 1, freezing cloud immunity
a: no special abilities


You were on level 4 of the Dungeon.
You were not hungry.

You visited 1 branch of the dungeon, and saw 4 of its levels.

You collected 78 gold pieces.

Inventory:

Hand Weapons
 a - a +2 dagger (weapon)
 b - a +0 blowgun
Missiles
 e - 62 poisoned needles
 f - 2 curare-tipped needles
Armour
 c - a +0 robe (worn)
 d - a +0 cloak (worn)
Wands
 r - a wand of paralysis (9)
Scrolls
 i - 3 scrolls of enchant armour {unknown}
 j - a scroll of immolation {unknown}
 k - a scroll of magic mapping {unknown}
 l - 4 scrolls of teleportation {unknown}
 n - a scroll of fog {unknown}
 p - a scroll of blinking {unknown}
 q - 3 scrolls of enchant weapon {unknown}
 u - 2 scrolls of identify {unknown}
Potions
 s - a potion of poison {unknown}
 t - a potion of curing {unknown}
 v - a potion of mutation {unknown}
 w - a potion of heal wounds {unknown}
Comestibles
 g - 5 bread rations
 h - 3 fruits
 o - a meat ration


   Skills:
 - Level 2.0 Fighting
 - Level 1.7 Short Blades
 - Level 1.7 Throwing
 - Level 0.8 Dodging
 + Level 6.1 Stealth


You had 4 spell levels left.
You didn't know any spells.

Dungeon Overview and Level Annotations

Branches:
Dungeon (4/15)
 Temple: D:4-7

Altars:
Cheibriados
Elyvilon
Qazlal
Ru
Sif Muna
Zin


Innate Abilities, Weirdness & Mutations

You have a pair of small horns on your head.
You are partially covered in thin metallic scales (AC +2).
Your flesh is cold resistant.
You are immune to freezing clouds.


Message History

* * * LOW HITPOINT WARNING * * *
You closely miss the scorpion.
The scorpion is severely wounded.
The scorpion completely misses you.
* * * LOW HITPOINT WARNING * * *
You feel sick.
* * * LOW HITPOINT WARNING * * *
You feel sick.
* * * LOW HITPOINT WARNING * * *
You feel sick.
* * * LOW HITPOINT WARNING * * *
You feel sick.
* * * LOW HITPOINT WARNING * * *
You feel sick.
* * * LOW HITPOINT WARNING * * *
You feel sick.
It was a potion of flight.
You feel very buoyant.
You fly up into the air.
You die...

.............##
..............#
#############.#
#.# #.# #.# #.#
.++ ########.#
....
#.....##@###.....
#.......s........
#.........##.....
### #.........#
... ...
#.........# . ...
########......#
###
#.....$.......#
#.............#
#.............#


You could see a scorpion.

Vanquished Creatures
  An orc priest (D:3)
  3 adders
  A worm (D:2)
  5 giant geckos
  11 orcs (D:3)
  4 giant cockroaches
  7 goblins
  7 hobgoblins
  3 jackals
  2 quokkas
  7 bats
  4 giant newts
  10 kobolds
  6 rats
71 creatures vanquished.

Notes
Turn   | Place    | Note
--------------------------------------------------------------
     0 | D:1      | Cookie the Demonspawn Assassin began the quest for the Orb.
     0 | D:1      | Reached XP level 1. HP: 16/16 MP: 1/1
   144 | D:1      | Reached skill level 4 in Stealth
   240 | D:1      | Gained mutation: You are partially covered in thin metallic scales (AC +2). [demonic ancestry]
   240 | D:1      | Reached XP level 2. HP: 22/22 MP: 2/2
   665 | D:2      | Found a glowing silver altar of Zin.
   724 | D:2      | Gained mutation: Your flesh is cold resistant. [demonic ancestry]
   724 | D:2      | Reached XP level 3. HP: 27/27 MP: 3/3
   763 | D:2      | Found a stormy altar of Qazlal.
   970 | D:2      | Found a sacrificial altar of Ru.
   970 | D:2      | Found a white marble altar of Elyvilon.
   972 | D:2      | Found a deep blue altar of Sif Muna.
  1079 | D:2      | Found a snail-covered altar of Cheibriados.
  1205 | D:2      | Reached skill level 5 in Stealth
  1876 | D:3      | Gained mutation: You are immune to freezing clouds. [demonic ancestry]
  1876 | D:3      | Reached XP level 4. HP: 14/33 MP: 4/4
  2875 | D:3      | Found a faded altar to an unknown god.
  3023 | D:3      | Reached skill level 6 in Stealth
  3089 | D:3      | Gained mutation: You have a pair of small horns on your head. [demonic ancestry]
  3089 | D:3      | Reached XP level 5. HP: 38/38 MP: 5/5
  3341 | D:4      | HP: 1/38 [poisoned by a scorpion]
  3342 | D:4      | Succumbed to a scorpion's poison

Action                   |  1- 3 |  4- 6 || total
-------------------------+-------+-------++-------
Melee: Dagger            |   158 |   132 ||   290
 Fire: Blowgun           |     8 |     1 ||     9
  Use: Potion            |       |     1 ||     1
 Stab: Sleeping          |    10 |     1 ||    11
  Eat: Chunk             |     3 |     5 ||     8
